Flyers vs Wild

Created - April-05-14 at 10:37

Goals
1 2 3 T
Flyers 3 1 0 4
Wild 1 0 0 1
Shots
1 2 3 T
Flyers 9 6 9 24
Wild 12 8 14 34

1st period

1. Flyers , Gabriel Bourque 22 (Marek Zidlicky, Kyle Brodziak) at 4:38 (PP)
2. Flyers , R.J. Umberger 13 (Mark Stuart, Mark Fistric) at 8:35
3. Wild , Bobby Ryan 15 (Andrei Markov, Colin Wilson) at 8:49
4. Flyers , Eric Belanger 5 (Dany Heatley, Kyle Okposo) at 10:06

Penalties :
Kevin Bieksa (PHI) for Tripping (Minor) at 0:31, Ryan Whitney (MIN) for Interference (Minor) at 4:34, Carlo Colaiacovo (PHI) for Hooking (Minor) at 15:51, Kevin Bieksa (PHI) for Roughing (Minor) at 18:15

2nd period

5. Flyers , Kevin Bieksa 19 (Joni Pitkanen) at 2:44 (PP)

Penalties :
Bryan Little (MIN) for Hooking (Minor) at 0:50, Blake Comeau (MIN) for Slashing (Minor) at 1:20, Michael Stone (MIN) for Hooking (Minor) at 14:38

3rd period

No Goal

Penalties :
Eric Belanger (PHI) for Tripping (Minor) at 9:21, Devan Dubnyk (PHI) for Slashing (Minor) at 10:28 - Mark Stuart served the penalty., Michael Stone (MIN) for Hooking (Minor) at 18:19

Goalie Stats

Devan Dubnyk (PHI), 33 saves from 34 shots - (0.971), W, 23-16-5, 60:00 minutes
Viktor Fasth (MIN), 13 saves from 13 shots - (1.000), 37:16 minutes
Niklas Backstrom (MIN), 7 saves from 11 shots - (0.636), L, 23-18-3, 22:44 minutes

Players Stats for Flyers

Player Name              G  A  P  +/- PIM S  H  SB GA TA FO     MP     PP MP  PK MP  
------------------------------------------------------------------------------------
Carlo Colaiacovo         0  0  0   1  2   0  1  0  0  0  0/0    15:23   0:00   0:00 
Dainius Zubrus           0  0  0   1  0   1  1  0  0  0  3/6    18:01   3:57   2:37 
Dany Heatley             0  1  1   0  0   2  0  0  0  0  5/17   22:41   3:50   5:28 
David Steckel            0  0  0   0  0   0  0  0  0  0  0/0     5:21   0:00   0:00 
Eric Belanger            1  0  1   0  2   2  2  0  0  0  10/18  16:42   0:00   2:43 
Gabriel Bourque          1  0  1   0  0   4  1  0  0  0  2/4    17:08   2:15   0:19 
Jack Skille              0  0  0   0  0   0  0  0  0  0  0/0     5:28   0:07   0:00 
Jean-Gabriel Pageau      0  0  0   1  0   0  0  0  0  0  8/14   11:27   0:00   0:00 
Joni Pitkanen            0  1  1  -1  0   1  0  0  0  0  0/0    26:24   2:27   5:39 
Justin Williams          0  0  0   0  0   3  0  0  0  0  0/1    16:49   2:15   0:00 
Kevin Bieksa             1  0  1   0  4   2  1  1  0  0  0/0    21:56   2:27   2:29 
Kyle Brodziak            0  1  1   0  0   1  1  0  0  0  9/26   21:33   2:15   0:00 
Kyle Okposo              0  1  1   0  0   4  7  0  0  0  1/5    17:13   3:50   0:00 
Marek Zidlicky           0  1  1   1  0   0  1  3  0  0  0/0    21:54   3:45   3:22 
Mark Fistric             0  1  1   1  0   0  2  1  0  0  0/0    15:20   3:45   2:01 
Mark Stuart              0  1  1   1  0   1  1  0  0  0  0/0    15:23   0:00   4:20 
R.J. Umberger            1  0  1   1  0   3  0  1  0  0  2/3    17:41   0:07   6:07 
Ryan Ellis               0  0  0  -1  0   0  0  0  0  0  0/0     3:37   0:00   0:15 

Players Stats for Wild

Player Name              G  A  P  +/- PIM S  H  SB GA TA FO     MP     PP MP  PK MP  
------------------------------------------------------------------------------------
Alexei Ponikarovsky      0  0  0   0  0   0  0  0  0  0  0/1    13:53   0:00   2:09 
Andrei Markov            0  1  1   0  0   2  0  0  0  0  0/0    25:52   4:33   3:21 
Andrew Ebbett            0  0  0   0  0   1  0  0  0  0  3/5     2:32   0:00   2:32 
Andy McDonald            0  0  0  -2  0   3  1  0  0  0  1/4    19:38   4:33   0:00 
Anton Babchuk            0  0  0   0  0   0  1  2  0  0  0/0    15:00   0:00   3:15 
Blake Comeau             0  0  0   0  2   4  4  0  0  0  0/0    14:08   0:00   2:24 
Bobby Ryan               1  0  1   1  0   4  0  0  0  0  2/3    22:26   4:30   0:00 
Bryan Little             0  0  0   0  2   5  0  1  0  0  14/24  19:58   4:30   0:00 
Colin Wilson             0  1  1  -1  0   6  2  0  0  0  16/27  22:05   4:33   0:00 
Erik Cole                0  0  0   0  0   2  3  0  0  0  2/3    20:13   4:30   0:14 
Fedor Tyutin             0  0  0  -1  0   0  1  0  0  0  0/0    21:28   0:00   2:44 
Jamie Langenbrunner      0  0  0   0  0   0  0  0  0  0  0/0     0:00   0:00   0:00 
Jay Pandolfo             0  0  0   0  0   0  0  0  0  0  0/0     1:01   0:00   1:01 
John-Michael Liles       0  0  0  -1  0   2  0  0  0  0  0/0    20:15   4:30   0:43 
Manny Malhotra           0  0  0   0  0   1  0  0  0  0  15/26  14:23   0:00   2:39 
Michael Stone            0  0  0   0  4   1  4  1  0  0  0/0    20:14   4:33   1:27 
Milan Michalek           0  0  0  -1  0   2  3  1  0  0  1/1    22:05   4:33   0:00 
Ryan Whitney             0  0  0   0  2   1  0  0  0  0  0/0    17:08   4:30   0:54 

3 Stars

1 - Devan Dubnyk (PHI)
2 - Kyle Okposo (PHI)
3 - R.J. Umberger (PHI)

Power Play

Flyers - 2 on 5 Attempt(s) - 40.00%
Wild - 0 on 5 Attempt(s) - 0.00%

Penalty Kill

Flyers - 5 on 5 Attempt(s) - 100.00% - Score 0 goal in Penalty Kill
Wild - 3 on 5 Attempt(s) - 60.00% - Score 0 goal in Penalty Kill

Official

Referees : Mike Leggo and Dan O'Halloran
Linesman : Brad Kovachik and Greg Devorski

Game Notes

Viktor Fasth enters game at 2:44 of 2nd period

Finance

Level 1 -- Attendance: 6152 (94.65%) -- Ticket Income $615,200
Level 2 -- Attendance: 4690 (93.80%) -- Ticket Income $281,400
Level 3 -- Attendance: 3358 (95.94%) -- Ticket Income $117,530
Level 4 -- Attendance: 2064 (100.00%) -- Ticket Income $41,280
Luxury Box -- Attendance: 893 (89.30%) -- Ticket Income $178,600
Game was played at the Xcel Energy Center
Total Attendance: 17157 (94.98%)
Total Ticket Income: $1,234,010
Other Income: $185,102
Total Income: $1,419,112


% Time on Ice - Flyers

Lines # - Real PCT - Wanted PCT - Time Play
Normal Forward
1 - 33% - 35% - 14:34
2 - 30% - 30% - 13:23
3 - 26% - 20% - 11:27
4 - 12% - 15% - 5:21
Normal Defense
1 - 38% - 45% - 17:02
2 - 33% - 30% - 14:47
3 - 8% - 15% - 3:22
4 - 21% - 10% - 9:34
PP Forward
1 - 64% - 60% - 3:57
2 - 36% - 40% - 2:15
PP Defense
1 - 40% - 60% - 2:27
2 - 60% - 40% - 3:45
PK Forward
1 - 68% - 60% - 5:34
2 - 32% - 40% - 2:37
PK Defense
1 - 60% - 60% - 4:54
2 - 40% - 40% - 3:17
PK3 Forward
1 - 100% - 60% - 0:52
2 - 0% - 40% - 0:00
PK3 Defense
1 - 10% - 60% - 0:05
2 - 90% - 40% - 0:47
44 Forward
1 - 0% - 60%
2 - 0% - 40%
44 Defense
1 - 0% - 60%
2 - 0% - 40%
Last Minute Offensive  - 0:00
Last Minute Defensive  - 0:00
Total
Forward - 60:00
Defense - 60:00

% Time on Ice - Wild

Lines # - Real PCT - Wanted PCT - Time Play
Normal Forward
1 - 34% - 35% - 15:05
2 - 35% - 35% - 15:29
3 - 26% - 15% - 11:44
4 - 5% - 15% - 2:27
Normal Defense
1 - 34% - 35% - 15:02
2 - 32% - 35% - 14:16
3 - 26% - 15% - 11:45
4 - 8% - 15% - 3:42
PP Forward
1 - 50% - 50% - 4:33
2 - 50% - 50% - 4:30
PP Defense
1 - 50% - 50% - 4:30
2 - 50% - 50% - 4:33
PK Forward
1 - 55% - 50% - 2:39
2 - 45% - 50% - 2:09
PK Defense
1 - 49% - 50% - 2:21
2 - 51% - 50% - 2:27
PK3 Forward
1 - 27% - 50% - 0:23
2 - 73% - 50% - 1:01
PK3 Defense
1 - 27% - 50% - 0:23
2 - 73% - 50% - 1:01
44 Forward
1 - 0% - 50%
2 - 0% - 50%
44 Defense
1 - 0% - 50%
2 - 0% - 50%
Last Minute Offensive  - 0:00
Last Minute Defensive  - 0:00
Total
Forward - 60:00
Defense - 60:00

Play by Play

1st period


0:01 of 1st period - Kyle Brodziak wins face-off versus Andy McDonald in neutral zone.
0:31 of 1st period - Minor Penalty to Kevin Bieksa for Tripping.
0:32 of 1st period - R.J. Umberger wins face-off versus Bryan Little in Flyers zone.
0:41 of 1st period - Shot by Andrei Markov.
0:41 of 1st period - Stopped by Devan Dubnyk with a rebound.
0:49 of 1st period - Shot by Andrei Markov.
0:49 of 1st period - Shot Blocked by Marek Zidlicky.
0:51 of 1st period - Shot by Andrei Markov.
0:51 of 1st period - Shot Misses the Net.
0:53 of 1st period - Shot by Andrei Markov.
0:53 of 1st period - Shot Misses the Net.
0:55 of 1st period - Shot by Erik Cole.
0:55 of 1st period - Shot Misses the Net.
1:31 of 1st period - Mark Fistric is hit by Colin Wilson and loses puck.
1:36 of 1st period - Shot by Andy McDonald.
1:36 of 1st period - Shot Misses the Net.
2:24 of 1st period - Shot by Bryan Little.
2:24 of 1st period - Stopped by Devan Dubnyk without a rebound.
2:25 of 1st period - Eric Belanger wins face-off versus Colin Wilson in Flyers zone.
2:58 of 1st period - Shot by Jack Skille.
2:58 of 1st period - Shot Misses the Net.
3:29 of 1st period - Icing by Ryan Whitney.
3:30 of 1st period - Bobby Ryan wins face-off versus Eric Belanger in Wild zone.
3:35 of 1st period - Shot by Erik Cole.
3:35 of 1st period - Stopped by Devan Dubnyk with a rebound.
3:47 of 1st period - Shot by Mark Stuart.
3:47 of 1st period - Shot Blocked by Bryan Little.
3:49 of 1st period - Shot by Mark Stuart.
3:49 of 1st period - Stopped by Niklas Backstrom with a rebound.
4:34 of 1st period - Minor Penalty to Ryan Whitney for Interference.
4:35 of 1st period - Kyle Brodziak wins face-off versus Manny Malhotra in Wild zone.
4:38 of 1st period - Shot by Gabriel Bourque.
4:38 of 1st period - Goal by Gabriel Bourque - Flyers : 1 - Wild : 0.
4:39 of 1st period - Gabriel Bourque wins face-off versus Colin Wilson in neutral zone.
4:45 of 1st period - Icing by Andy McDonald.
4:46 of 1st period - Colin Wilson wins face-off versus Kyle Brodziak in Wild zone.
5:12 of 1st period - Off-side.
5:13 of 1st period - Eric Belanger wins face-off versus Manny Malhotra in neutral zone.
5:53 of 1st period - Shot by Dany Heatley.
5:53 of 1st period - Shot Misses the Net.
5:55 of 1st period - Shot by Kyle Okposo.
5:55 of 1st period - Stopped by Niklas Backstrom without a rebound.
5:56 of 1st period - Kyle Brodziak wins face-off versus Colin Wilson in Wild zone.
6:07 of 1st period - Shot by Colin Wilson.
6:07 of 1st period - Shot Misses the Net.
6:23 of 1st period - Shot by Andy McDonald.
6:23 of 1st period - Shot Blocked by Marek Zidlicky.
6:25 of 1st period - Shot by Michael Stone.
6:25 of 1st period - Stopped by Devan Dubnyk without a rebound.
6:26 of 1st period - Bryan Little wins face-off versus Jean-Gabriel Pageau in Flyers zone.
6:26 of 1st period - Bobby Ryan is hit by Mark Fistric and loses puck.
6:37 of 1st period - Shot by Erik Cole.
6:37 of 1st period - Shot Misses the Net.
6:39 of 1st period - Shot by Anton Babchuk.
6:39 of 1st period - Deflect By Erik Cole.
6:39 of 1st period - Shot Misses the Net.
6:46 of 1st period - Icing by Mark Stuart.
6:47 of 1st period - Jean-Gabriel Pageau wins face-off versus Andy McDonald in Flyers zone.
6:47 of 1st period - Mark Fistric is hit by Andy McDonald and loses puck.
7:08 of 1st period - Off-side.
7:09 of 1st period - Kyle Brodziak wins face-off versus Bryan Little in neutral zone.
7:14 of 1st period - Icing by Andrei Markov.
7:15 of 1st period - Gabriel Bourque wins face-off versus Bryan Little in Wild zone.
7:15 of 1st period - Gabriel Bourque is hit by Michael Stone.
7:21 of 1st period - Shot by Justin Williams.
7:21 of 1st period - Deflect By Gabriel Bourque.
7:21 of 1st period - Shot Misses the Net.
7:58 of 1st period - Off-side.
7:59 of 1st period - Colin Wilson wins face-off versus Eric Belanger in neutral zone.
7:59 of 1st period - Colin Wilson is hit by Kyle Okposo.
8:17 of 1st period - Shot by Colin Wilson.
8:17 of 1st period - Stopped by Devan Dubnyk without a rebound.
8:18 of 1st period - Jean-Gabriel Pageau wins face-off versus Manny Malhotra in Flyers zone.
8:18 of 1st period - Jean-Gabriel Pageau is hit by Blake Comeau.
8:21 of 1st period - Icing by R.J. Umberger.
8:22 of 1st period - Jean-Gabriel Pageau wins face-off versus Colin Wilson in Flyers zone.
8:35 of 1st period - Shot by R.J. Umberger.
8:35 of 1st period - Goal by R.J. Umberger - Flyers : 2 - Wild : 0.
8:36 of 1st period - Bryan Little wins face-off versus Eric Belanger in neutral zone.
8:38 of 1st period - Off-side.
8:39 of 1st period - Colin Wilson wins face-off versus Eric Belanger in neutral zone.
8:39 of 1st period - Colin Wilson is hit by Eric Belanger.
8:45 of 1st period - Shot by Andrei Markov.
8:45 of 1st period - Shot Misses the Net.
8:49 of 1st period - Shot by Bobby Ryan.
8:49 of 1st period - Goal by Bobby Ryan - Flyers : 2 - Wild : 1.
8:50 of 1st period - Kyle Brodziak wins face-off versus Bryan Little in neutral zone.
9:24 of 1st period - Shot by Bryan Little.
9:24 of 1st period - Shot Blocked by Kevin Bieksa.
9:30 of 1st period - Kevin Bieksa is hit by Erik Cole and loses puck.
10:04 of 1st period - Shot by Kyle Okposo.
10:04 of 1st period - Deflect By Dany Heatley.
10:04 of 1st period - Shot Hit the Post.
10:06 of 1st period - Shot by Eric Belanger.
10:06 of 1st period - Goal by Eric Belanger - Flyers : 3 - Wild : 1.
10:07 of 1st period - Manny Malhotra wins face-off versus Jean-Gabriel Pageau in neutral zone.
10:41 of 1st period - Shot by Blake Comeau.
10:41 of 1st period - Shot Blocked by R.J. Umberger.
10:52 of 1st period - Icing by Mark Stuart.
10:53 of 1st period - Jean-Gabriel Pageau wins face-off versus Colin Wilson in Flyers zone.
10:53 of 1st period - Jean-Gabriel Pageau is hit by Milan Michalek.
11:05 of 1st period - Andrei Markov is hit by Mark Fistric and loses puck.
11:54 of 1st period - Eric Belanger is hit by Erik Cole and loses puck.
12:07 of 1st period - Shot by Dany Heatley.
12:07 of 1st period - Deflect By Eric Belanger.
12:07 of 1st period - Stopped by Niklas Backstrom without a rebound.
12:08 of 1st period - Kyle Brodziak wins face-off versus Manny Malhotra in Wild zone.
12:08 of 1st period - Kyle Brodziak is hit by Anton Babchuk.
12:24 of 1st period - Shot by Blake Comeau.
12:24 of 1st period - Shot Misses the Net.
13:11 of 1st period - Erik Cole is hit by Carlo Colaiacovo and loses puck.
14:07 of 1st period - Dany Heatley is hit by Michael Stone and loses puck.
14:24 of 1st period - Shot by Andy McDonald.
14:24 of 1st period - Stopped by Devan Dubnyk without a rebound.
14:25 of 1st period - Jean-Gabriel Pageau wins face-off versus Manny Malhotra in Flyers zone.
14:25 of 1st period - Jean-Gabriel Pageau is hit by Blake Comeau.
14:40 of 1st period - Shot by R.J. Umberger.
14:40 of 1st period - Shot Misses the Net.
15:26 of 1st period - Shot by Justin Williams.
15:26 of 1st period - Stopped by Niklas Backstrom without a rebound.
15:27 of 1st period - Kyle Okposo wins face-off versus Andy McDonald in Wild zone.
15:32 of 1st period - Shot by Kyle Okposo.
15:32 of 1st period - Deflect By Dany Heatley.
15:32 of 1st period - Stopped by Niklas Backstrom without a rebound.
15:33 of 1st period - Colin Wilson wins face-off versus Kyle Okposo in Wild zone.
15:33 of 1st period - Andrei Markov is hit by Eric Belanger.
15:51 of 1st period - Minor Penalty to Carlo Colaiacovo for Hooking.
15:52 of 1st period - Bryan Little wins face-off versus Dany Heatley in Flyers zone.
16:14 of 1st period - Shot by John-Michael Liles.
16:14 of 1st period - Shot Misses the Net.
16:16 of 1st period - Shot by Bobby Ryan.
16:16 of 1st period - Deflect By Erik Cole.
16:16 of 1st period - Shot Misses the Net.
16:18 of 1st period - Shot by Bryan Little.
16:18 of 1st period - Stopped by Devan Dubnyk without a rebound.
16:19 of 1st period - Colin Wilson wins face-off versus Dany Heatley in Flyers zone.
16:50 of 1st period - Shot by Andrei Markov.
16:50 of 1st period - Shot Misses the Net.
16:52 of 1st period - Shot by Andrei Markov.
16:52 of 1st period - Deflect By Andy McDonald.
16:52 of 1st period - Stopped by Devan Dubnyk without a rebound.
16:53 of 1st period - Erik Cole wins face-off versus Dany Heatley in Flyers zone.
18:10 of 1st period - Shot by Blake Comeau.
18:10 of 1st period - Stopped by Devan Dubnyk without a rebound.
18:11 of 1st period - Colin Wilson wins face-off versus Kyle Brodziak in Flyers zone.
18:15 of 1st period - Minor Penalty to Kevin Bieksa for Roughing.
18:16 of 1st period - Colin Wilson wins face-off versus Dany Heatley in Flyers zone.
18:34 of 1st period - Off-side.
18:35 of 1st period - Bryan Little wins face-off versus Dany Heatley in neutral zone.
18:52 of 1st period - Shot by John-Michael Liles.
18:52 of 1st period - Stopped by Devan Dubnyk with a rebound.
19:04 of 1st period - Shot by Ryan Whitney.
19:04 of 1st period - Stopped by Devan Dubnyk without a rebound.
19:05 of 1st period - Andy McDonald wins face-off versus Eric Belanger in Flyers zone.
19:57 of 1st period - Shot by Dany Heatley.
19:57 of 1st period - Stopped by Niklas Backstrom without a rebound.
19:58 of 1st period - Bryan Little wins face-off versus Dany Heatley in Wild zone.
Goals for this period are 3 for Flyers vs 1 for Wild.
Shots for this period are 9 for Flyers vs 12 for Wild.

2nd period


0:01 of 2nd period - Colin Wilson wins face-off versus Dany Heatley in neutral zone.
0:13 of 2nd period - Off-side.
0:14 of 2nd period - Bryan Little wins face-off versus Dany Heatley in neutral zone.
0:42 of 2nd period - Bryan Little is hit by Kevin Bieksa and loses puck.
0:45 of 2nd period - Shot by Andrei Markov.
0:45 of 2nd period - Shot Misses the Net.
0:47 of 2nd period - Shot by Bryan Little.
0:47 of 2nd period - Shot Misses the Net.
0:50 of 2nd period - Minor Penalty to Bryan Little for Hooking.
0:51 of 2nd period - Dany Heatley wins face-off versus Andrew Ebbett in Wild zone.
0:59 of 2nd period - Icing by Dainius Zubrus.
1:00 of 2nd period - Andrew Ebbett wins face-off versus Kyle Okposo in Flyers zone.
1:13 of 2nd period - Shot by Andrew Ebbett.
1:13 of 2nd period - Stopped by Devan Dubnyk without a rebound.
1:14 of 2nd period - Kyle Brodziak wins face-off versus Manny Malhotra in Flyers zone.
1:20 of 2nd period - Minor Penalty to Blake Comeau for Slashing.
1:21 of 2nd period - Andrew Ebbett wins face-off versus Dainius Zubrus in Wild zone.
1:21 of 2nd period - Andrew Ebbett is hit by Kyle Okposo.
1:37 of 2nd period - Shot by Kyle Okposo.
1:37 of 2nd period - Stopped by Niklas Backstrom without a rebound.
1:38 of 2nd period - Andrew Ebbett wins face-off versus Kyle Brodziak in Wild zone.
1:38 of 2nd period - Andrew Ebbett is hit by Kyle Brodziak.
2:37 of 2nd period - Joni Pitkanen is hit by Fedor Tyutin and loses puck.
2:44 of 2nd period - Shot by Kevin Bieksa.
2:44 of 2nd period - Goal by Kevin Bieksa - Flyers : 4 - Wild : 1.
2:44 of 2nd period - Viktor Fasth enters game.
2:45 of 2nd period - Dainius Zubrus wins face-off versus Manny Malhotra in neutral zone.
3:00 of 2nd period - Shot by Joni Pitkanen.
3:00 of 2nd period - Stopped by Viktor Fasth without a rebound.
3:01 of 2nd period - Manny Malhotra wins face-off versus Justin Williams in Wild zone.
3:15 of 2nd period - Shot by Mark Fistric.
3:15 of 2nd period - Shot Misses the Net.
3:45 of 2nd period - Shot by Colin Wilson.
3:45 of 2nd period - Stopped by Devan Dubnyk without a rebound.
3:46 of 2nd period - Eric Belanger wins face-off versus Bryan Little in Flyers zone.
3:54 of 2nd period - Icing by Kyle Okposo.
3:55 of 2nd period - Eric Belanger wins face-off versus Bryan Little in Flyers zone.
5:20 of 2nd period - Icing by Fedor Tyutin.
5:21 of 2nd period - Colin Wilson wins face-off versus Kyle Brodziak in Wild zone.
6:03 of 2nd period - Icing by Joni Pitkanen.
6:04 of 2nd period - Manny Malhotra wins face-off versus Kyle Brodziak in Flyers zone.
6:08 of 2nd period - Icing by Joni Pitkanen.
6:09 of 2nd period - Manny Malhotra wins face-off versus Kyle Brodziak in Flyers zone.
6:55 of 2nd period - Icing by Kevin Bieksa.
6:56 of 2nd period - Milan Michalek wins face-off versus Kyle Brodziak in Flyers zone.
8:02 of 2nd period - Michael Stone is hit by Kyle Okposo and loses puck.
8:45 of 2nd period - Shot by Ryan Whitney.
8:45 of 2nd period - Deflect By Bryan Little.
8:45 of 2nd period - Shot Misses the Net.
9:21 of 2nd period - Shot by David Steckel.
9:21 of 2nd period - Shot Blocked by Anton Babchuk.
9:50 of 2nd period - Shot by Colin Wilson.
9:50 of 2nd period - Stopped by Devan Dubnyk without a rebound.
9:51 of 2nd period - Kyle Brodziak wins face-off versus Manny Malhotra in Flyers zone.
10:00 of 2nd period - Shot by Justin Williams.
10:00 of 2nd period - Shot Misses the Net.
10:10 of 2nd period - Shot by Justin Williams.
10:10 of 2nd period - Stopped by Viktor Fasth without a rebound.
10:11 of 2nd period - Colin Wilson wins face-off versus R.J. Umberger in Wild zone.
10:32 of 2nd period - Shot by Andy McDonald.
10:32 of 2nd period - Shot Blocked by Mark Fistric.
10:48 of 2nd period - Shot by Milan Michalek.
10:48 of 2nd period - Stopped by Devan Dubnyk without a rebound.
10:49 of 2nd period - Manny Malhotra wins face-off versus Kyle Brodziak in Flyers zone.
11:09 of 2nd period - Icing by Fedor Tyutin.
11:10 of 2nd period - Eric Belanger wins face-off versus Manny Malhotra in Wild zone.
11:13 of 2nd period - Shot by Kyle Okposo.
11:13 of 2nd period - Stopped by Viktor Fasth without a rebound.
11:14 of 2nd period - Eric Belanger wins face-off versus Bryan Little in Wild zone.
11:40 of 2nd period - Kevin Bieksa is hit by Michael Stone and loses puck.
12:19 of 2nd period - Shot by Fedor Tyutin.
12:19 of 2nd period - Shot Misses the Net.
12:21 of 2nd period - Shot by John-Michael Liles.
12:21 of 2nd period - Stopped by Devan Dubnyk without a rebound.
12:22 of 2nd period - Jean-Gabriel Pageau wins face-off versus Colin Wilson in Flyers zone.
12:54 of 2nd period - Shot by Colin Wilson.
12:54 of 2nd period - Stopped by Devan Dubnyk without a rebound.
12:55 of 2nd period - Manny Malhotra wins face-off versus Kyle Brodziak in Flyers zone.
12:57 of 2nd period - Alexei Ponikarovsky is hit by Marek Zidlicky and loses puck.
13:02 of 2nd period - Shot by Blake Comeau.
13:02 of 2nd period - Stopped by Devan Dubnyk without a rebound.
13:03 of 2nd period - Manny Malhotra wins face-off versus Kyle Brodziak in Flyers zone.
13:08 of 2nd period - Shot by Blake Comeau.
13:08 of 2nd period - Deflect By Manny Malhotra.
13:08 of 2nd period - Stopped by Devan Dubnyk without a rebound.
13:09 of 2nd period - Colin Wilson wins face-off versus Kyle Brodziak in Flyers zone.
13:26 of 2nd period - Shot by Gabriel Bourque.
13:26 of 2nd period - Shot Misses the Net.
13:30 of 2nd period - Shot by Justin Williams.
13:30 of 2nd period - Shot Misses the Net.
13:32 of 2nd period - Shot by Joni Pitkanen.
13:32 of 2nd period - Shot Misses the Net.
14:02 of 2nd period - Kyle Okposo is hit by Milan Michalek and loses puck.
14:38 of 2nd period - Minor Penalty to Michael Stone for Hooking.
14:39 of 2nd period - Dainius Zubrus wins face-off versus Manny Malhotra in Wild zone.
15:28 of 2nd period - Alexei Ponikarovsky is hit by Kyle Okposo and loses puck.
15:54 of 2nd period - Icing by Justin Williams.
15:55 of 2nd period - Manny Malhotra wins face-off versus Gabriel Bourque in Flyers zone.
17:07 of 2nd period - Shot by Mark Stuart.
17:07 of 2nd period - Shot Misses the Net.
17:20 of 2nd period - Ryan Ellis is hit by Michael Stone and loses puck.
17:46 of 2nd period - Icing by R.J. Umberger.
17:47 of 2nd period - Bryan Little wins face-off versus Jean-Gabriel Pageau in Flyers zone.
17:47 of 2nd period - Bobby Ryan is hit by Mark Stuart and loses puck.
18:34 of 2nd period - Shot by Gabriel Bourque.
18:34 of 2nd period - Stopped by Viktor Fasth without a rebound.
18:35 of 2nd period - Eric Belanger wins face-off versus Alexei Ponikarovsky in Wild zone.
18:58 of 2nd period - Shot by Manny Malhotra.
18:58 of 2nd period - Shot Misses the Net.
Goals for this period are 1 for Flyers vs 0 for Wild.
Shots for this period are 6 for Flyers vs 8 for Wild.

3rd period


0:01 of 3rd period - Colin Wilson wins face-off versus Kyle Brodziak in neutral zone.
1:05 of 3rd period - Icing by Manny Malhotra.
1:06 of 3rd period - Manny Malhotra wins face-off versus Jean-Gabriel Pageau in Wild zone.
1:36 of 3rd period - R.J. Umberger is hit by Blake Comeau and loses puck.
1:57 of 3rd period - Shot by Michael Stone.
1:57 of 3rd period - Deflect By Bryan Little.
1:57 of 3rd period - Shot Misses the Net.
1:59 of 3rd period - Shot by Andrei Markov.
1:59 of 3rd period - Deflect By Bryan Little.
1:59 of 3rd period - Stopped by Devan Dubnyk without a rebound.
2:00 of 3rd period - Colin Wilson wins face-off versus Kyle Brodziak in Flyers zone.
2:12 of 3rd period - Icing by Kevin Bieksa.
2:13 of 3rd period - Bryan Little wins face-off versus Kyle Brodziak in Flyers zone.
2:30 of 3rd period - Shot by Justin Williams.
2:30 of 3rd period - Shot Misses the Net.
2:54 of 3rd period - Shot by Bobby Ryan.
2:54 of 3rd period - Shot Misses the Net.
3:20 of 3rd period - Marek Zidlicky is hit by Milan Michalek and loses puck.
3:52 of 3rd period - Icing by Carlo Colaiacovo.
3:53 of 3rd period - Manny Malhotra wins face-off versus Eric Belanger in Flyers zone.
4:25 of 3rd period - Marek Zidlicky is hit by Blake Comeau.
4:59 of 3rd period - Shot by Dainius Zubrus.
4:59 of 3rd period - Shot Blocked by Michael Stone.
5:01 of 3rd period - Shot by R.J. Umberger.
5:01 of 3rd period - Stopped by Viktor Fasth with a rebound.
6:53 of 3rd period - Shot by Kyle Okposo.
6:53 of 3rd period - Stopped by Viktor Fasth without a rebound.
6:54 of 3rd period - Manny Malhotra wins face-off versus Jean-Gabriel Pageau in Wild zone.
7:16 of 3rd period - Shot by Dainius Zubrus.
7:16 of 3rd period - Stopped by Viktor Fasth without a rebound.
7:17 of 3rd period - Manny Malhotra wins face-off versus Dany Heatley in Wild zone.
7:17 of 3rd period - Manny Malhotra is hit by Kyle Okposo.
7:20 of 3rd period - Fedor Tyutin is hit by Kyle Okposo and loses puck.
7:35 of 3rd period - Shot by Blake Comeau.
7:35 of 3rd period - Stopped by Devan Dubnyk without a rebound.
7:36 of 3rd period - Bryan Little wins face-off versus Jean-Gabriel Pageau in Flyers zone.
7:49 of 3rd period - Bryan Little is hit by Dainius Zubrus and loses puck.
8:03 of 3rd period - Icing by Anton Babchuk.
8:04 of 3rd period - Bryan Little wins face-off versus Kyle Brodziak in Wild zone.
8:04 of 3rd period - Bryan Little is hit by Gabriel Bourque.
8:18 of 3rd period - Shot by Kyle Brodziak.
8:18 of 3rd period - Shot Hit the Post.
8:20 of 3rd period - Shot by Gabriel Bourque.
8:20 of 3rd period - Stopped by Viktor Fasth without a rebound.
8:21 of 3rd period - Eric Belanger wins face-off versus Colin Wilson in Wild zone.
8:26 of 3rd period - Shot by Kyle Okposo.
8:26 of 3rd period - Shot Misses the Net.
8:42 of 3rd period - Shot by Dany Heatley.
8:42 of 3rd period - Shot Blocked by Milan Michalek.
8:52 of 3rd period - Shot by Colin Wilson.
8:52 of 3rd period - Shot Misses the Net.
8:54 of 3rd period - Shot by Andy McDonald.
8:54 of 3rd period - Stopped by Devan Dubnyk without a rebound.
8:55 of 3rd period - Bryan Little wins face-off versus Kyle Brodziak in Flyers zone.
9:02 of 3rd period - Shot by Bryan Little.
9:02 of 3rd period - Stopped by Devan Dubnyk without a rebound.
9:03 of 3rd period - Bryan Little wins face-off versus Gabriel Bourque in Flyers zone.
9:14 of 3rd period - Shot by Gabriel Bourque.
9:14 of 3rd period - Stopped by Viktor Fasth without a rebound.
9:15 of 3rd period - Eric Belanger wins face-off versus Colin Wilson in Wild zone.
9:21 of 3rd period - Minor Penalty to Eric Belanger for Tripping.
9:22 of 3rd period - Dany Heatley wins face-off versus Bryan Little in Flyers zone.
9:33 of 3rd period - Shot by Bobby Ryan.
9:33 of 3rd period - Stopped by Devan Dubnyk without a rebound.
9:34 of 3rd period - Colin Wilson wins face-off versus Dany Heatley in Flyers zone.
9:49 of 3rd period - Shot by Andrei Markov.
9:49 of 3rd period - Stopped by Devan Dubnyk without a rebound.
9:50 of 3rd period - Dany Heatley wins face-off versus Bryan Little in Flyers zone.
9:54 of 3rd period - Off-side.
9:55 of 3rd period - Bryan Little wins face-off versus Dany Heatley in neutral zone.
10:04 of 3rd period - Shot by Erik Cole.
10:04 of 3rd period - Stopped by Devan Dubnyk without a rebound.
10:05 of 3rd period - Dany Heatley wins face-off versus Colin Wilson in Flyers zone.
10:28 of 3rd period - Shot by Colin Wilson.
10:28 of 3rd period - Stopped by Devan Dubnyk without a rebound.
10:28 of 3rd period - Minor Penalty to Devan Dubnyk for Slashing.
10:29 of 3rd period - R.J. Umberger wins face-off versus Erik Cole in Flyers zone.
10:29 of 3rd period - R.J. Umberger is hit by Erik Cole.
12:00 of 3rd period - Icing by Michael Stone.
12:01 of 3rd period - Colin Wilson wins face-off versus Dany Heatley in Wild zone.
12:05 of 3rd period - Off-side.
12:06 of 3rd period - Dany Heatley wins face-off versus Bobby Ryan in neutral zone.
12:53 of 3rd period - Shot by Kyle Brodziak.
12:53 of 3rd period - Stopped by Viktor Fasth with a rebound.
13:27 of 3rd period - Shot by Colin Wilson.
13:27 of 3rd period - Stopped by Devan Dubnyk without a rebound.
13:28 of 3rd period - Bobby Ryan wins face-off versus Eric Belanger in Flyers zone.
13:45 of 3rd period - Shot by Bryan Little.
13:45 of 3rd period - Deflect By Bobby Ryan.
13:45 of 3rd period - Shot Misses the Net.
13:47 of 3rd period - Shot by John-Michael Liles.
13:47 of 3rd period - Shot Blocked by Marek Zidlicky.
13:49 of 3rd period - Shot by Bobby Ryan.
13:49 of 3rd period - Stopped by Devan Dubnyk without a rebound.
13:50 of 3rd period - Jean-Gabriel Pageau wins face-off versus Colin Wilson in Flyers zone.
13:50 of 3rd period - Jean-Gabriel Pageau is hit by Colin Wilson.
14:17 of 3rd period - Off-side.
14:18 of 3rd period - Bryan Little wins face-off versus Kyle Brodziak in neutral zone.
15:32 of 3rd period - Icing by Milan Michalek.
15:33 of 3rd period - Colin Wilson wins face-off versus Kyle Okposo in Wild zone.
15:50 of 3rd period - Shot by Milan Michalek.
15:50 of 3rd period - Stopped by Devan Dubnyk without a rebound.
15:51 of 3rd period - Jean-Gabriel Pageau wins face-off versus Manny Malhotra in Flyers zone.
16:09 of 3rd period - Shot by Blake Comeau.
16:09 of 3rd period - Stopped by Devan Dubnyk without a rebound.
16:10 of 3rd period - Erik Cole wins face-off versus Eric Belanger in Flyers zone.
16:32 of 3rd period - Shot by Bobby Ryan.
16:32 of 3rd period - Stopped by Devan Dubnyk with a rebound.
16:48 of 3rd period - Shot by Bryan Little.
16:48 of 3rd period - Stopped by Devan Dubnyk without a rebound.
16:49 of 3rd period - Kyle Brodziak wins face-off versus Colin Wilson in Flyers zone.
17:28 of 3rd period - Shot by Gabriel Bourque.
17:28 of 3rd period - Deflect By Justin Williams.
17:28 of 3rd period - Stopped by Viktor Fasth with a rebound.
18:05 of 3rd period - Shot by Kevin Bieksa.
18:05 of 3rd period - Shot Blocked by Anton Babchuk.
18:13 of 3rd period - Shot by Dainius Zubrus.
18:13 of 3rd period - Shot Misses the Net.
18:15 of 3rd period - Shot by R.J. Umberger.
18:15 of 3rd period - Stopped by Viktor Fasth without a rebound.
18:16 of 3rd period - Eric Belanger wins face-off versus Bryan Little in Wild zone.
18:19 of 3rd period - Minor Penalty to Michael Stone for Hooking.
18:20 of 3rd period - Dainius Zubrus wins face-off versus Andrew Ebbett in Wild zone.
18:41 of 3rd period - Shot by Kevin Bieksa.
18:41 of 3rd period - Stopped by Viktor Fasth without a rebound.
18:42 of 3rd period - Manny Malhotra wins face-off versus Dainius Zubrus in Wild zone.
19:23 of 3rd period - Icing by Dainius Zubrus.
19:24 of 3rd period - Manny Malhotra wins face-off versus Dainius Zubrus in Flyers zone.
19:38 of 3rd period - Icing by Mark Fistric.
19:39 of 3rd period - Manny Malhotra wins face-off versus Kyle Okposo in Flyers zone.
19:52 of 3rd period - Fedor Tyutin is hit by Kyle Okposo and loses puck.
Goals for this period are 0 for Flyers vs 0 for Wild.
Shots for this period are 9 for Flyers vs 14 for Wild.


Output by the SimonT Hockey Simulator (STHS) for Stephane Roy -- Original Page W3C XHTML 1.0 Valid
Hockey Simulator - Hockey Simulation - Hockey Manager